 Dungeon Crawl Stone Soup version 0.23-a0-356-g1757c6e (webtiles) character file.

48 pskda the Ducker (level 3, -3/35 HPs)
             Began as a Troll Warper on Oct 21, 2018.
             Slain by a gnoll
             ... wielding a +0 club
              (4 damage)
             ... on level 2 of the Dungeon.
             The game lasted 00:06:33 (1375 turns).

pskda the Ducker (Troll Warper)                     Turns: 1375, Time: 00:06:34

Health: -3/35      AC:  5    Str: 21    XL:     3   Next: 50%
Magic:  4/4        EV: 10    Int: 10    God:
Gold:   107        SH:  0    Dex:  9    Spells: 3/5 levels left

rFire    . . .     SeeInvis .   a - +0 mace
rCold    . . .     Gourm    +   (no shield)
rNeg     . . .     Faith    .   b - +0 robe
rPois    .         Spirit   .   (helmet restricted)
rElec    .         Reflect  .   (no cloak)
rCorr    .         Harm     .   (gloves unavailable)
MR       .....                  (boots unavailable)
Stlth    +.........             g - amulet of rage
HPRegen  0.51/turn              i - +2 ring of strength
MPRegen  0.09/turn              (no ring)

@: no status effects
A: large, unfitting armour, claws 3, fast metabolism 3, gourmand, regeneration
1, shaggy fur 1, tough skin 2
a: Evoke Berserk Rage


You were on level 2 of the Dungeon.
You were near starving.

You visited 1 branch of the dungeon, and saw 2 of its levels.

You collected 107 gold pieces.

Inventory:

Hand Weapons
 a - a +0 mace (weapon)
Missiles
 e - 3 tomahawks of dispersal (quivered)
Armour
 b - a +0 robe (worn)
Jewellery
 g - an amulet of rage (around neck)
 i - a +2 ring of strength (left claw)
Scrolls
 d - a scroll of blinking
 j - a scroll of fear {unknown}
 l - a scroll of remove curse {unknown}
 m - 2 scrolls of identify {unknown}
Potions
 c - 2 potions of ambrosia {unknown}
 h - a potion of flight {unknown}
 k - a potion of cancellation {unknown}
 n - a potion of heal wounds {unknown}
Comestibles
 f - 2 rations


   Skills:
 + Level 1.9 Fighting
 + Level 2.3 Maces & Flails
 + Level 1.0 Throwing
 + Level 2.4 Dodging
 + Level 0.1 Stealth
 + Level 1.5 Spellcasting
 + Level 2.2 Translocations


You had 3 spell levels left.
You knew the following spells:

 Your Spells              Type           Power        Failure   Level  Hunger
a - Blink                 Tloc           N/A          21%         2    ###....

Your spell library contained the following spells:

 Spells                   Type           Power        Failure   Level  Hunger
 Confusing Touch          Hex            #.....       32%         1    ##.....
 Shroud of Golubria       Chrm/Tloc      #.........   32%         2    ###....
 Gell's Gravitas          Tloc           #.........   36%         3    ####...
 Lesser Beckoning         Tloc           #.........   36%         3    ####...
 Teleport Other           Tloc           #.......     36%         3    ####...
 Confuse                  Hex            #.......     69%         3    ####...
 Passage of Golubria      Tloc           N/A          78%         4    #####..
 Petrify                  Tmut/Erth      #.......     97%         4    #####..
 Metabolic Englaciation   Hex/Ice        #.........   100%        5    ######.
 Yara's Violent Unravell  Hex/Tmut       #.........   100%        5    ######.


Dungeon Overview and Level Annotations

Branches:
Dungeon (2/15)

Altars:


Innate Abilities, Weirdness & Mutations

You are too large for most types of armour.
You have claws for hands.
Your metabolism is lightning-fast.
You like to eat raw meat.
Your natural rate of healing is unusually fast.
You are covered in fur. (AC +1)
You have very tough skin. (AC +2)


Message History

The gnoll is moderately wounded.
The gnoll barely misses you. The gnoll closely misses you.
You hit the gnoll.
The gnoll is severely wounded.
The gnoll hits you with a +0 club. The gnoll misses you.
You closely miss the gnoll.
The gnoll is severely wounded.
The gnoll hits you from afar with a +0 spear!
The gnoll hits you with a +0 club.
You are too injured to fight recklessly!
You completely miss the gnoll.
The gnoll is severely wounded.
The gnoll hits you from afar with a +0 spear!
* * * LOW HITPOINT WARNING * * *
The gnoll hits you with a +0 club.
* * * LOW HITPOINT WARNING * * *
The gnoll hits you from afar with a +0 spear.
* * * LOW HITPOINT WARNING * * *
The gnoll hits you with a +0 club.
You die...

###########.### #..#
################..g...<#
#..#
......†........#.####.##
#..# ##############.#.#
#.# #..# .......<# #.#.#
#.# #$.# ..####### #.#.#
#.## #..# ..# #.#.# #..#
#..# ### #.#.# ##.##
#..# #### #.#@# #.g#
#g.# ...# #.#g# ##)#
#..# ##.# #.#g# #.# #..#
##'## #.#g######.###..#
....#
#.#...g.........####
....#
#.########..##.###[.
....#
#...................
....#
###########..#.###..
....# ##.#.# ###


You could see 3 gnolls.

Vanquished Creatures
  A gnoll (D:2)
  An ooze (D:2)
  A worm (D:2)
  A dart slug (D:1)
  3 giant cockroaches (D:1)
  4 goblins
  4 hobgoblins
  A ball python (D:1)
  4 bats
  3 frilled lizards
  3 kobolds (D:1)
  5 rats
31 creatures vanquished.

Notes
Turn   | Place    | Note
-------+----------+-------------------------------------------
     0 | D:1      | pskda the Troll Warper began the quest for the Orb.
     0 | D:1      | Reached XP level 1. HP: 19/19 MP: 1/1
   123 | D:1      | Reached skill level 1 in Throwing
   155 | D:1      | Reached XP level 2. HP: 28/28 MP: 3/3
   974 | D:2      | Reached XP level 3. HP: 32/35 MP: 4/4
   978 | D:2      | Learned a level 2 spell: Blink
  1375 | D:2      | HP: 1/35 [gnoll/+0 spear (1)]
  1375 | D:2      | Slain by a gnoll

Vault maps used:
D:1:      lightli_arrival_lavapool

Skill      XL: |  1  2 |
---------------+-------+-----
Dodging        | 2 |  2.4
Throwing       | 1 |  1.0
Maces & Flails | 2 |  2.3
Fighting       | |  1.9
Stealth        | |  0.1
Spellcasting   | |  1.5
Translocations | |  2.2

Action                   || total
-------------------------++-------
Melee: Mace              ||   117
Throw: Tomahawk          ||     2
 Cast: Blink             ||     3
 Stab: Sleeping          ||     1
  Eat: Chunk             ||     2
       Ration            ||     2
Armor: Robe              ||    69
Dodge: Dodged            ||   109

Table legend:
 A = Non-vault XP
 B = Vault XP
 C = Vault XP percentage of total XP
 D = Non-vault monster count
 E = Vault monster count
 F = Vault count percentage of total count
                 A         B        C        D         E       F
            +---------+---------+-------+---------+---------+-------
      Total |      69 |       0 |   0.0 |      31 |       0 |   0.0
            +---------+---------+-------+---------+---------+-------
        D:1 |      28 |       0 |   0.0 |      17 |       0 |   0.0
        D:2 |      41 |       0 |   0.0 |      14 |       0 |   0.0
            +---------+---------+-------+---------+---------+-------
